Map: Ujari

Players

highhemplar - Winner!

  • Race: Protoss Protoss
  • Spawn Location: 9:00

Metasapien - Winner!

  • Race: Zerg Zerg
  • League: Platinum
  • Spawn Location: 0:00

amVaquero - Winner!

  • Race: Zerg Zerg
  • League: Platinum
  • Spawn Location: 9:00

Rob

  • Race: Protoss Protoss
  • League: Platinum
  • Spawn Location: 0:00

FattySlug

  • Race: Terran Terran
  • Spawn Location: 3:00

joebruin

  • Race: Zerg Zerg
  • Spawn Location: 3:00

VOD

Have the link to the VOD?

Description

Time

  • Played on: Sept. 24, 2017, 1:47 p.m.
  • Length: 19:03
Show
View Real Time Build Order
Export as new Build Order

highhemplar Protoss - Winner!

Build Orders:  

Get SALT Encoding   

  12  0:02  Probe (Chrono Boost)  
  13  0:13  Probe (Chrono Boost)  
  14  0:19  Pylon  
  14  0:23  Probe (Chrono Boost)  
  15  0:37  Probe (Chrono Boost)  
  16  0:48  Probe (Chrono Boost)  
  17  1:08  Nexus  
  17  1:13  Probe (Chrono Boost)  
  18  1:21  Gateway  
  18  1:24  Probe (Chrono Boost)  
  19  1:46  Probe (Chrono Boost)  
  20  1:50  Assimilator  
  20  1:56  Assimilator  
  20  2:00  Probe (Chrono Boost)  
  21  2:09  Cybernetics Core  
  21  2:10  Probe (Chrono Boost)  
  21  2:19  Forge  
  21  2:23  Probe (Chrono Boost)  
  21  2:24  Pylon  
  22  2:31  Probe (Chrono Boost)  
  22  2:34  Probe (Chrono Boost)  
  24  2:41  Probe (Chrono Boost)  
  24  2:43  Probe (Chrono Boost)  
  25  2:47  Warp Gate (Chrono Boost)  
  26  2:52  Probe  
  27  2:59  Photon Cannon  
  27  3:02  Probe  
  27  3:03  Pylon  
  27  3:04  Probe  
  29  3:08  Stalker  
  31  3:13  Probe  
  32  3:25  Photon Cannon  
  32  3:27  Probe  
  33  3:36  Stargate  
  33  3:38  Probe  
  34  3:46  Assimilator  
  34  3:48  Probe  
  34  3:50  Assimilator  
  34  3:53  Mothership Core  
  37  3:59  Probe  
  37  4:00  Pylon  
  38  4:09  Probe  
  38  4:14  Probe  
  40  4:17  Stargate  
  40  4:20  Probe  
  41  4:26  Probe  
  41  4:30  Probe  
  43  4:49  Fleet Beacon  
  43  4:52  Probe  
  43  4:58  Protoss Air Weapons Level 1 (Chrono Boost)  
  44  5:03  Probe  
  44  5:04  Nexus  
  45  5:14  Probe  
  46  5:26  Pylon  
  46  5:29  Assimilator  
  46  5:34  Carrier x2 (Chrono Boost), Assimilator  
  58  5:37  Probe  
  58  5:41  Probe  
  60  5:49  Probe  
  61  5:53  Probe  
  62  5:59  Stargate  
  62  6:01  Probe  
  63  6:05  Probe  
  64  6:16  Probe  
  64  6:17  Probe  
  70  6:28  Probe  
  64  7:22  Carrier x2 (Chrono Boost)  
  79  7:33  Carrier (Chrono Boost)  
  79  7:40  Graviton Catapult  
  79  7:41  Probe  
  80  7:46  Probe  
  80  7:48  Probe  
  82  7:52  Probe  
  82  7:58  Probe  
  84  8:00  Probe  
  85  8:10  Pylon  
  85  8:12  Pylon  
  85  8:26  Probe  
  85  8:28  Probe x2  
  88  8:37  Probe  
  89  8:47  Probe  
  90  8:58  Probe  
  83  10:08  Carrier x2 (Chrono Boost)  
  89  10:16  Probe  
  89  10:17  Stargate  
  89  10:19  Carrier (Chrono Boost)  
  89  10:20  Pylon  
  89  10:21  Pylon  
  90  10:26  Nexus  
  90  10:27  Probe  
  90  10:29  Assimilator  
  90  10:33  Assimilator  
  97  11:09  Stargate x2  
  97  11:12  Stargate  
  97  11:14  Carrier (Chrono Boost), Probe  
  98  11:22  Carrier (Chrono Boost)  
  98  11:23  Carrier (Chrono Boost)  
  98  11:25  Probe  
  110  11:26  Mothership Core  
  110  11:27  Protoss Air Armor Level 1  
  113  11:33  Cybernetics Core  
  113  11:34  Protoss Shields Level 1  
  113  11:35  Probe  
  114  11:46  Probe  
  127  12:11  Protoss Air Weapons Level 2  
  127  12:12  Pylon  
  127  12:13  Pylon  
  127  12:14  Carrier (Chrono Boost)  
  127  12:15  Pylon  
  127  12:17  Pylon  
  127  12:18  Pylon  
  127  12:20  Pylon  
  127  12:23  Pylon  
  157  12:37  Carrier (Chrono Boost)  
  157  12:41  Carrier (Chrono Boost)  
  157  12:42  Carrier x2 (Chrono Boost)  
  157  12:44  Carrier (Chrono Boost)  
  163  12:45  Carrier (Chrono Boost)  
  133  13:40  Carrier (Chrono Boost)  
  133  13:41  Protoss Air Armor Level 2  
  133  13:51  Carrier (Chrono Boost)  
  151  14:06  Carrier (Chrono Boost)  
  151  14:08  Carrier x2 (Chrono Boost)  
  163  14:16  Carrier (Chrono Boost)  
  169  14:23  Carrier (Chrono Boost)  
  137  15:29  Carrier x2 (Chrono Boost)  
  143  15:41  Carrier x3 (Chrono Boost)  
Show
View Real Time Build Order
Export as new Build Order

Metasapien Zerg - Winner!

Build Orders: 3 Hatch before Pool, Swarm Host 

Get SALT Encoding   

  12  0:33  Hatchery  
  11  0:36  Overlord  
  11  0:43  Drone  
  11  0:46  Drone  
  13  1:19  Hatchery  
  12  1:26  Drone  
  12  1:29  Drone, Extractor  
  12  1:31  Drone  
  14  1:39  Drone  
  15  1:57  Spawning Pool  
  15  1:58  Drone  
  15  2:02  Drone  
  16  2:09  Drone  
  16  2:11  Drone  
  18  2:17  Drone  
  19  2:23  Drone  
  19  2:29  Overlord  
  20  2:31  Drone  
  21  2:37  Drone  
  21  2:39  Drone  
  23  2:44  Zergling x4  
  23  2:50  Metabolic Boost  
  25  2:54  Drone  
  26  2:59  Drone x2  
  26  3:01  Drone  
  26  3:04  Drone  
  30  3:14  Zergling x2  
  30  3:15  Zergling x6  
  34  3:21  Queen  
  36  3:31  Drone x2  
  36  3:32  Queen  
  40  3:35  Overlord  
  40  3:40  Overlord  
  40  3:47  Spine Crawler  
  39  3:52  Spine Crawler  
  39  3:53  Drone  
  39  3:54  Drone  
  40  3:55  Drone  
  41  4:04  Drone x3  
  41  4:09  Extractor  
  43  4:12  Roach Warren  
  43  4:13  Zergling x4  
  44  4:19  Drone  
  44  4:20  Queen  
  47  4:30  Lair  
  47  4:33  Zergling x6  
  47  4:34  Zergling x2  
  50  4:49  Overlord  
  50  4:50  Overlord  
  50  4:51  Drone  
  50  4:52  Drone x4  
  55  4:56  Extractor  
  55  4:58  Extractor  
  47  5:09  Drone x2  
  49  5:18  Drone x3  
  49  5:21  Drone x2  
  49  5:22  Drone x2  
  49  5:23  Drone x3  
  49  5:27  Drone  
  55  5:29  Roach x3  
  61  5:40  Hydralisk Den  
  60  5:53  Drone x2  
  60  5:54  Drone x2  
  64  5:58  Drone x3  
  64  6:01  Spore Crawler  
  66  6:04  Drone x3  
  66  6:07  Extractor  
  68  6:13  Drone x2, Extractor  
  68  6:14  Drone x3  
  72  6:18  Hydralisk  
  72  6:22  Overlord x3  
  74  6:31  Overlord x2  
  74  6:39  Overseer  
  74  6:43  Roach  
  74  6:44  Roach x7  
  88  6:51  Zergling x4  
  86  6:55  Roach  
  86  7:00  Muscular Augments  
  88  7:12  Drone x2  
  88  7:13  Roach, Hydralisk x4  
  88  7:14  Roach x4  
  108  7:35  Roach x2, Hydralisk  
  108  7:36  Overlord x3  
  108  7:37  Overlord  
  113  7:45  Drone  
  113  7:47  Overlord  
  113  7:48  Overlord x2  
  113  7:49  Overseer  
  114  7:52  Overseer  
  114  7:53  Pneumatized Carapace  
  114  7:54  Burrow  
  114  7:57  Drone  
  114  7:58  Drone  
  116  7:59  Infestation Pit  
  116  8:04  Glial Reconstitution  
  115  8:08  Hydralisk x2  
  115  8:09  Hydralisk x4  
  127  8:17  Zergling x6  
  127  8:18  Zergling x6  
  133  8:21  Ravager x3  
  133  8:24  Ravager x2  
  137  8:27  Hydralisk  
  137  8:28  Hydralisk x2  
  141  8:43  Drone  
  141  8:48  Drone, Evolution Chamber  
  143  8:50  Drone x3, Evolution Chamber  
  143  8:53  Swarm Host x3  
  152  8:59  Drone  
  152  9:00  Nydus Network  
  152  9:18  Zerg Ground Armor Level 1, Zerg Missile Weapons Level 1  
  152  9:21  Swarm Host x3  
  160  9:33  Overlord x5  
  160  9:34  Overlord  
  148  10:12  Nydus Canal  
  148  10:15  Roach, Hydralisk x6  
  148  10:16  Hydralisk x2  
  166  10:21  Queen  
  166  10:22  Queen  
  170  10:31  Zergling x2  
  170  10:32  Zergling x4  
  173  10:57  Overlord  
  173  10:58  Overlord x3  
  173  11:06  Hive  
  173  11:20  Drone  
  173  11:21  Drone x4  
  173  11:22  Drone x2  
  173  11:23  Drone  
  181  11:45  Hatchery  
  180  11:49  Spore Crawler x2  
  180  11:50  Spore Crawler x2  
  180  11:51  Spore Crawler  
  180  11:52  Drone x2  
  180  11:53  Drone x2  
  179  11:55  Spore Crawler  
  178  12:10  Zerg Missile Weapons Level 2, Zerg Ground Armor Level 2  
  178  12:15  Hydralisk  
  178  12:16  Swarm Host, Hydralisk x3  
  178  12:17  Swarm Host x3  
  198  12:47  Spore Crawler  
  197  13:01  Drone  
  198  13:32  Extractor  
  198  13:33  Extractor  
  196  13:41  Spore Crawler  
  196  13:44  Spore Crawler  
  158  14:41  Hydralisk  
  158  14:42  Hydralisk x12  
  158  14:43  Hydralisk x12  
  177  15:17  Zergling x2  
  177  15:18  Zergling x36  
  178  15:29  Nydus Canal  
  168  15:48  Hydralisk x3  
  168  15:49  Hydralisk, Roach x4  
  166  15:50  Roach  
  144  16:20  Hydralisk x5  
  144  16:21  Hydralisk x6  
  166  16:30  Swarm Host  
  166  16:31  Hydralisk  
  171  16:33  Swarm Host x3  
  178  17:19  Zergling x18  
  178  17:20  Zergling x20  
  197  17:22  Adrenal Glands  
  197  17:50  Nydus Canal  
  191  17:53  Hatchery  
  191  17:55  Extractor x2  
  191  17:56  Hatchery  
  191  17:57  Extractor  
  191  17:58  Extractor  
  175  18:23  Nydus Canal  
  175  18:24  Hatchery  
  175  18:25  Extractor  
  173  18:28  Extractor  
  168  18:41  Zergling x4  
  168  18:42  Zergling x32  
  168  18:47  Overseer  
Show
View Real Time Build Order
Export as new Build Order

amVaquero Zerg - Winner!

Build Orders: Hatch First 

Get SALT Encoding   

  12  0:02  Drone  
  13  0:13  Overlord  
  13  0:18  Drone  
  14  0:33  Drone x2  
  16  0:45  Drone  
  17  0:58  Drone  
  17  1:04  Drone, Extractor  
  17  1:07  Hatchery  
  17  1:31  Spawning Pool  
  17  1:32  Drone  
  17  1:37  Drone x2  
  19  1:55  Hatchery  
  18  2:17  Queen  
  18  2:20  Queen  
  18  2:22  Zergling x4  
  24  2:23  Zergling x2  
  25  2:37  Metabolic Boost  
  25  2:40  Zergling x4  
  27  3:08  Zergling x8  
  27  3:09  Zergling x6  
  34  3:44  Overlord x2  
  34  4:08  Zergling x2  
  34  4:09  Zergling x12  
  42  4:10  Zergling x8  
  42  4:15  Overlord  
  42  4:16  Zergling x2  
  42  4:17  Zergling x2  
  33  4:49  Zergling x8  
  33  4:50  Zergling x6  
  33  4:51  Zergling x12  
  35  5:30  Queen x3  
  41  5:36  Drone  
  41  5:37  Drone x7  
  49  6:02  Extractor  
  25  6:53  Zergling x6  
  25  6:54  Zergling x12  
  20  6:55  Zergling x12  
  20  6:56  Zergling x12  
  20  6:57  Zergling x6  
  24  7:38  Drone x6  
  9  8:34  Zergling x4  
  9  8:35  Zergling x6  
  10  9:35  Drone x4  
  10  9:36  Drone x2  
  13  9:53  Queen  
  15  10:07  Drone x2  
  17  10:15  Drone x4  
  21  10:42  Queen  
  23  10:58  Lair  
  23  11:01  Drone x2  
  23  11:02  Drone x3  
  28  11:22  Drone x4  
  28  11:23  Drone  
  33  11:26  Extractor  
  33  11:30  Extractor  
  31  11:48  Drone x7  
  38  12:00  Spire  
  37  12:44  Overlord x2  
  37  13:14  Mutalisk x3  
  37  13:15  Mutalisk x8  
  37  13:19  Overlord  
  59  13:35  Zerg Flyer Weapons Level 1  
  59  13:45  Mutalisk x3  
  51  16:06  Corruptor x7  
  51  16:07  Corruptor  
  65  16:50  Zerg Flyer Armor Level 1  
  65  17:15  Zergling x4  
  65  17:16  Zergling x2  
  65  17:18  Overlord  
  65  17:19  Overlord x2  
  68  18:17  Hatchery  
  66  18:54  Infestation Pit  
Show
View Real Time Build Order
Export as new Build Order

Rob Protoss 

Build Orders: Oracle Opening 

Get SALT Encoding   

  12  0:03  Probe (Chrono Boost)  
  13  0:14  Probe (Chrono Boost)  
  14  0:24  Probe (Chrono Boost)  
  14  0:26  Pylon  
  15  0:38  Assimilator  
  15  0:44  Probe (Chrono Boost)  
  16  0:52  Gateway  
  16  0:55  Probe (Chrono Boost), Assimilator  
  17  1:05  Probe (Chrono Boost)  
  18  1:16  Probe (Chrono Boost)  
  19  1:26  Probe (Chrono Boost)  
  20  1:37  Probe (Chrono Boost)  
  21  1:40  Cybernetics Core  
  21  1:47  Probe (Chrono Boost)  
  22  1:58  Probe (Chrono Boost)  
  23  2:02  Nexus  
  23  2:11  Pylon  
  23  2:25  Stargate  
  24  2:33  Mothership Core (Chrono Boost)  
  24  2:34  Adept  
  27  2:41  Pylon  
  28  2:51  Probe (Chrono Boost)  
  28  3:02  Probe (Chrono Boost)  
  29  3:05  Forge  
  29  3:11  Adept  
  29  3:12  Probe (Chrono Boost)  
  32  3:23  Probe (Chrono Boost)  
  33  3:31  Probe (Chrono Boost), Pylon  
  33  3:33  Probe (Chrono Boost)  
  35  3:35  Oracle  
  38  3:53  Fleet Beacon  
  38  3:58  Stalker  
  38  4:02  Probe (Chrono Boost)  
  41  4:10  Pylon  
  41  4:13  Pylon  
  41  4:17  Protoss Air Weapons Level 1  
  41  4:28  Adept  
  44  4:31  Probe x2 (Chrono Boost)  
  45  4:40  Oracle  
  45  4:42  Probe (Chrono Boost)  
  49  4:52  Photon Cannon  
  49  4:54  Photon Cannon  
  49  5:15  Pylon  
  49  5:29  Probe x2 (Chrono Boost)  
  51  5:40  Probe x2 (Chrono Boost)  
  51  5:41  Photon Cannon  
  53  5:42  Photon Cannon  
  53  5:46  Photon Cannon  
  53  5:49  Photon Cannon  
  53  5:50  Probe x2 (Chrono Boost)  
  55  6:01  Probe x2 (Chrono Boost)  
  55  6:02  Assimilator  
  55  6:03  Assimilator  
  57  6:06  Pylon  
  57  6:08  Pylon  
  57  6:11  Probe (Chrono Boost)  
  57  6:12  Probe (Chrono Boost)  
  59  6:21  Probe (Chrono Boost)  
  59  6:22  Carrier (Chrono Boost), Probe (Chrono Boost)  
  67  6:31  Probe  
  68  6:33  Probe  
  69  6:41  Probe, Nexus  
  69  6:45  Probe, Pylon  
  71  7:06  Graviton Catapult  
  71  7:11  Stargate  
  71  7:12  Stargate  
  71  7:16  Stargate  
  71  7:20  Stargate  
  71  7:38  Carrier (Chrono Boost)  
  77  7:44  Probe  
  77  7:45  Probe  
  77  7:47  Assimilator  
  79  7:54  Assimilator  
  79  7:55  Probe  
  79  7:58  Probe  
  80  8:06  Pylon  
  85  8:36  Void Ray x3 (Chrono Boost)  
  89  8:48  Void Ray (Chrono Boost)  
  89  8:55  Void Ray (Chrono Boost)  
  85  9:09  Probe x2  
  85  9:10  Probe  
  85  9:13  Photon Cannon  
  85  9:15  Photon Cannon  
  92  9:17  Photon Cannon  
  92  9:19  Void Ray (Chrono Boost), Photon Cannon  
  92  9:21  Photon Cannon  
  92  9:22  Probe  
  97  9:26  Void Ray (Chrono Boost)  
  92  9:39  Void Ray (Chrono Boost)  
  92  9:45  Void Ray (Chrono Boost)  
  93  9:59  Void Ray (Chrono Boost)  
  101  10:03  Probe x2  
  101  10:04  Probe  
  101  10:05  Void Ray (Chrono Boost)  
  104  10:13  Probe x2  
  108  10:16  Probe  
  108  10:19  Void Ray (Chrono Boost)  
  111  10:24  Probe x2  
  113  10:28  Probe  
  113  10:29  Pylon  
  113  10:31  Pylon  
  113  10:34  Probe  
  113  10:35  Probe  
  114  10:40  Probe  
  117  10:48  Probe x2  
  119  10:51  Void Ray (Chrono Boost)  
  119  10:55  Pylon  
  131  11:18  Void Ray x2 (Chrono Boost)  
  131  11:33  Photon Cannon  
  131  11:36  Photon Cannon  
  131  11:37  Photon Cannon  
  131  11:41  Photon Cannon  
  131  11:44  Photon Cannon  
  131  11:46  Photon Cannon  
  131  11:47  Pylon  
  131  11:51  Pylon  
  131  11:52  Pylon  
  131  11:55  Pylon  
  131  12:06  Void Ray (Chrono Boost), Carrier (Chrono Boost)  
  141  12:09  Void Ray (Chrono Boost)  
  141  12:14  Pylon x2  
  151  12:24  Probe  
  151  12:27  Pylon  
  151  12:29  Pylon  
  152  12:32  Protoss Shields Level 1  
  158  12:45  Carrier (Chrono Boost)  
  152  13:01  Carrier (Chrono Boost)  
  162  13:13  Void Ray (Chrono Boost)  
  162  13:20  Cybernetics Core  
  162  13:21  Cybernetics Core  
  162  13:22  Carrier (Chrono Boost)  
  162  13:35  Nexus  
  162  13:38  Assimilator  
  162  13:43  Assimilator  
  162  13:46  Probe  
  162  13:47  Pylon  
  163  13:57  Pylon  
  163  13:59  Probe  
  163  14:00  Probe x2  
  102  14:53  Void Ray (Chrono Boost), Tempest (Chrono Boost)  
  102  14:54  Void Ray (Chrono Boost)  
  102  14:59  Void Ray x2 (Chrono Boost)  
  69  15:30  Void Ray (Chrono Boost)  
  69  15:32  Void Ray (Chrono Boost)  
  76  15:48  Probe  
  76  15:50  Probe x3  
  79  15:59  Probe  
  79  16:02  Probe  
  79  16:03  Probe  
  79  16:04  Probe  
  83  16:10  Probe  
  83  16:14  Probe  
  69  16:24  Void Ray (Chrono Boost)  
  71  16:26  Void Ray (Chrono Boost)  
  71  16:29  Void Ray (Chrono Boost)  
  83  16:33  Void Ray x2 (Chrono Boost)  
  79  16:42  Probe  
  79  16:43  Probe  
  77  16:50  Probe x2  
  77  16:52  Photon Cannon  
  77  16:53  Probe, Photon Cannon  
  79  16:56  Photon Cannon  
  79  16:58  Photon Cannon  
  79  17:00  Photon Cannon  
  84  17:02  Photon Cannon  
  84  17:03  Photon Cannon, Stargate x2  
  84  17:05  Stargate, Photon Cannon  
  87  17:10  Stargate  
  87  17:13  Stargate  
  87  17:15  Stargate  
  91  17:17  Stargate  
  91  17:25  Probe  
  91  17:26  Photon Cannon  
  84  17:30  Photon Cannon x2  
  84  17:33  Photon Cannon x2  
  76  17:38  Photon Cannon  
  76  17:43  Photon Cannon  
  82  17:54  Void Ray x2 (Chrono Boost), Photon Cannon  
  82  17:55  Void Ray (Chrono Boost)  
  83  18:04  Void Ray (Chrono Boost)  
  83  18:12  Void Ray (Chrono Boost)  
  90  18:17  Void Ray (Chrono Boost)  
Show
View Real Time Build Order
Export as new Build Order

FattySlug Terran 

Build Orders: Reaper Expand, Mech 

Get SALT Encoding   

  12  0:02  SCV  
  14  0:14  SCV  
  14  0:20  Supply Depot  
  14  0:26  SCV  
  15  0:41  SCV  
  16  0:45  Barracks  
  16  0:49  Refinery  
  16  0:53  SCV  
  17  1:06  SCV  
  18  1:18  SCV  
  19  1:35  Reaper  
  20  1:45  Command Center  
  20  1:47  Orbital Command  
  20  1:58  Refinery  
  20  2:07  Reaper  
  21  2:18  SCV  
  22  2:28  Supply Depot  
  22  2:30  SCV  
  23  2:41  Factory  
  23  2:42  Barracks Reactor  
  23  2:50  SCV  
  24  2:52  Supply Depot  
  24  3:05  SCV  
  25  3:17  SCV  
  26  3:28  Orbital Command  
  26  3:29  SCV  
  26  3:33  Cyclone  
  26  3:34  Cyclone  
  33  3:38  Barracks Tech Lab  
  33  3:42  Factory  
  33  3:53  SCV  
  34  4:08  SCV x2  
  36  4:20  Engineering Bay, SCV  
  36  4:23  Armory  
  36  4:24  Armory  
  37  4:47  Orbital Command  
  37  4:48  Cyclone  
  40  5:08  Siege Tank  
  43  5:23  Cyclone  
  43  5:24  SCV  
  47  5:32  Supply Depot  
  47  5:36  Refinery x2  
  47  5:42  SCV x2  
  49  5:48  Factory  
  49  5:54  SCV  
  49  5:55  SCV  
  51  6:02  Cyclone  
  54  6:07  SCV x2  
  56  6:19  SCV x2  
  56  6:22  Siege Tank  
  61  6:31  SCV  
  62  6:46  Factory Tech Lab  
  62  6:52  SCV x2  
  61  7:04  SCV  
  61  7:07  Supply Depot  
  62  7:09  SCV  
  62  7:10  Siege Tank, Supply Depot  
  62  7:16  SCV  
  59  7:33  Thor  
  65  7:39  Starport  
  65  7:43  Thor  
  71  7:44  SCV x2  
  73  8:01  Supply Depot  
  73  8:03  Terran Vehicle Weapons Level 1, Terran Vehicle And Ship Armor Level 1  
  73  8:06  SCV x2  
  75  8:18  SCV x2  
  77  8:32  Thor x2  
  86  9:06  Command Center  
  86  9:10  Cyclone x2  
  86  9:12  Starport Reactor  
  92  9:35  Thor  
  92  9:45  Thor  
  89  10:16  Viking x2  
  89  10:18  Thor  
  99  10:28  Thor  
  105  10:29  Barracks  
  105  10:40  Cyclone  
  108  10:46  Supply Depot  
  108  10:47  Supply Depot  
  108  11:04  Refinery  
  108  11:05  SCV  
  108  11:06  Refinery  
  108  11:07  SCV, Viking x2, Cyclone  
  108  11:08  SCV  
  118  11:13  Supply Depot  
  118  11:15  Terran Vehicle Weapons Level 2, Terran Vehicle And Ship Armor Level 2, Supply Depot  
  118  11:17  SCV  
  119  11:19  SCV  
  119  11:21  SCV  
  121  11:32  SCV x2  
  123  11:36  Orbital Command  
  123  11:37  Viking  
  125  11:55  SCV x2  
  125  11:57  Thor x2  
  139  12:07  SCV  
  140  12:10  Viking x2  
  140  12:12  Factory  
  144  12:51  SCV  
  145  13:23  Factory Tech Lab  
  145  13:30  Supply Depot  
  145  13:31  Supply Depot  
  145  13:59  Terran Vehicle Weapons Level 3, Terran Vehicle And Ship Armor Level 3  
  145  14:05  Thor x3  
  145  14:48  Thor x3  
  113  15:28  Thor x2  
  113  15:29  Thor x3  
  113  15:30  Thor  
  117  15:38  Thor x2  
  119  16:13  Thor  
  119  16:21  Thor  
Show
View Real Time Build Order
Export as new Build Order

joebruin Zerg 

Build Orders: Hatch First 

Get SALT Encoding   

  12  0:02  Drone  
  13  0:09  Drone  
  14  0:21  Overlord  
  14  0:40  Drone x3  
  17  0:57  Hatchery  
  17  1:00  Drone  
  17  1:08  Drone  
  18  1:17  Spawning Pool  
  17  1:20  Extractor  
  17  1:22  Drone  
  17  1:25  Drone  
  18  1:36  Drone  
  19  1:45  Overlord  
  19  1:51  Evolution Chamber  
  18  1:56  Extractor  
  18  1:57  Drone  
  18  2:08  Queen  
  18  2:11  Zergling x4  
  22  2:22  Zerg Melee Weapons Level 1  
  22  2:28  Zergling x2  
  23  2:30  Queen  
  23  2:33  Drone  
  26  2:37  Drone  
  26  2:38  Drone  
  28  2:53  Zergling x2  
  28  2:54  Zergling x6  
  32  2:58  Metabolic Boost  
  32  3:08  Zergling x4  
  34  3:16  Zergling x4  
  36  3:24  Overlord  
  36  3:31  Baneling Nest  
  35  3:35  Zergling x2  
  36  3:42  Overlord  
  36  3:46  Zergling x2  
  36  3:48  Zergling x2  
  38  3:49  Zergling x2  
  38  3:50  Zergling x2  
  38  3:55  Zergling x2  
  41  4:03  Spore Crawler  
  41  4:04  Drone  
  41  4:09  Spore Crawler  
  40  4:10  Drone  
  40  4:12  Drone  
  42  4:34  Zergling x2  
  42  4:35  Zergling x10  
  42  4:36  Zergling x2  
  36  4:44  Spine Crawler  
  30  5:06  Zergling x12  
  34  5:15  Zergling x2  
  34  5:16  Zergling x2  
  36  5:25  Baneling  
  36  5:26  Baneling x7  
  36  5:27  Zergling x2  
  37  5:33  Zergling x4  
  37  5:34  Zergling x2  
  40  5:43  Zerg Ground Armor Level 1  
  40  5:53  Drone  
  41  5:58  Drone x3  
  39  6:41  Zergling x2  
  39  6:42  Zergling x8  
  43  6:52  Zergling x2  
  43  7:01  Drone  
  43  7:04  Lair  
  43  7:06  Overlord  
  43  7:07  Overlord  
  43  7:13  Drone, Hatchery  
  43  7:14  Overlord, Drone  
  34  7:33  Drone x6  
  36  7:39  Drone  
  36  7:40  Drone x2  
  39  7:47  Spore Crawler  
  38  8:04  Hydralisk Den  
  37  8:20  Zergling x18  
  43  8:30  Overseer  
  23  8:43  Hydralisk x4  
  33  8:50  Zergling x2  
  32  9:02  Hydralisk x2  
  31  9:03  Hydralisk  
  30  9:46  Spore Crawler  
  30  9:47  Spore Crawler  
  30  9:48  Spine Crawler  
  30  9:49  Spore Crawler  
  16  10:06  Queen, Hydralisk  
  20  10:41  Queen  
  22  10:43  Hatchery  
  21  10:52  Drone x2  
  23  11:01  Drone  
  24  11:36  Drone x3  
  24  11:37  Drone x2  
  29  11:41  Drone  
  30  11:52  Drone  
  31  12:12  Drone x5  
  36  12:19  Hatchery  
  35  12:26  Spire  
  34  12:50  Queen  
  36  12:53  Hydralisk x3  
  36  12:55  Hydralisk  
  42  13:16  Hydralisk  
  42  13:17  Hydralisk x3  
  50  13:21  Overlord  
  50  13:34  Evolution Chamber  
  50  13:37  Drone x3  
  50  13:39  Drone, Evolution Chamber  
  52  13:50  Drone  
  52  13:51  Drone x3  
  56  13:56  Corruptor x2  
  52  14:23  Hydralisk  
  52  14:24  Hydralisk x5  
  50  14:26  Drone  
  50  14:28  Drone  
  62  14:32  Drone x2  
  62  14:35  Drone  
  61  14:48  Corruptor  
  61  14:49  Corruptor  
  61  14:51  Drone  
  64  14:53  Drone  
  63  15:08  Corruptor  
  63  15:11  Hydralisk  
  63  15:12  Hydralisk x2  
  59  15:27  Corruptor x2  
  59  15:28  Corruptor  
  59  15:39  Drone  
  59  15:40  Drone x4  
  62  15:49  Drone  
  61  16:15  Hydralisk  
  61  16:16  Hydralisk x7  
Tags
 
Add a new tag
Caveats
  • Supply blocks, unpowered buildings, or Contaminate may cause inaccurate times.
  • Supply counts are checked every 10 seconds.